 Dungeon Crawl Stone Soup version 0.26-b1-32-g5d43845318 (webtiles) character file.

Game seed: 56457413792946943

93 Borgoz the Slasher (level 4, -2/37 HPs)
             Began as a Ghoul Gladiator on Jan 13, 2021.
             Slain by Terence
             ... wielding a +0 short sword
              (4 damage)
             ... on level 2 of the Dungeon.
             The game lasted 00:01:24 (1763 turns).

Borgoz the Slasher (Ghoul Gladiator)                Turns: 1763, Time: 00:01:25

Health: -2/37      AC:  4    Str: 16 (17) XL:     4   Next: 61%
Magic:  3/3        EV: 12    Int:  3      God:
Gold:   79         SH:  0    Dex:  9 (11) Spells: 3/3 levels left

rFire    . . .     SeeInvis .   a - +0 long sword
rCold    + . .     Faith    .   (no shield)
rNeg     + + +     Spirit   .   b - +0 leather armour
rPois    ∞         Reflect  .   c - +0 helmet
rElec    .         Harm     .   (no cloak)
rCorr    .         Rampage  .   (no gloves)
Will     .....                  (no boots)
Stlth    +.........             (no amulet)
HPRegen  0.00/turn              (no ring)
MPRegen  0.08/turn              (no ring)

@: mighty
A: claws 1, cold resistance 1, negative energy resistance 3, inhibited
regeneration, torment resistance, unbreathing
a: no special abilities


You were on level 2 of the Dungeon.
You visited 1 branch of the dungeon, and saw 2 of its levels.

You collected 79 gold pieces.

Inventory:

Hand Weapons
 a - a +0 long sword (weapon)
Missiles
 d - a throwing net (quivered)
Armour
 b - a +0 leather armour (worn)
 c - a +0 helmet (worn)
Jewellery
 n - a +6 ring of dexterity {unknown}
Scrolls
 h - a scroll of teleportation {unknown}
 i - 3 scrolls of remove curse {unknown}
 k - 2 scrolls of identify {unknown}
 m - a scroll of random uselessness {unknown}
Potions
 j - a potion of might
 l - a potion of invisibility {unknown}


   Skills:
 + Level 2.8 Fighting
 * Level 3.3 Long Blades
 - Level 1.7 Throwing
 * Level 1.8 Armour
 * Level 3.3 Dodging


You had 3 spell levels left.
You didn't know any spells.
Your spell library was empty.

Dungeon Overview and Level Annotations

Branches:
Dungeon (2/15)

Altars:
Xom

Annotations:
D:2 Terence


Innate Abilities, Weirdness & Mutations

You thrive by killing the living.
You are immune to poison.
You have sharp fingernails.
Your flesh is cold resistant. (rC+)
You are immune to negative energy. (rN+++)
You do not regenerate when monsters are visible.
You are immune to unholy pain and torment.
You can survive without breathing.


Message History

Terence screams, "I'm going to kill you!"
Terence hits you with a +0 short sword.
* * * LOW HITPOINT WARNING * * *
Terence closely misses you.
You closely miss Terence.
Terence is severely wounded.
Terence hits you but does no damage.
Throw: 3 throwing nets
Press: ? - help, Q - select action Shift-Dir - straight line, f - Terence
Aim: Terence, wielding a +0 short sword, wearing a +0 scale mail and carrying a wand of random effects (21) (severely wounded)
You throw a throwing net. The throwing net barely misses Terence.
Terence hits you with a +0 short sword.
* * * LOW HITPOINT WARNING * * *
Throw: 2 throwing nets
Press: ? - help, Q - select action Shift-Dir - straight line, f/p - Terence
Aim: Terence, wielding a +0 short sword, wearing a +0 scale mail and carrying a wand of random effects (21) (severely wounded)
You throw a throwing net.
The throwing net completely misses Terence.
Terence hits you with a +0 short sword.
You die...

......#...##........#
..........##........#
..........##÷<##.####
.............###.#
..........#### #.#
..........# #.#
#..#.....## #.#
.....##..# #.#
.######.## #@# . #.#
#@# . ... ###.# .
#... #..(#
#...#####.####
#...##.......#
....##.......#
#............#
..............#


You could see Terence.

Vanquished Creatures
  A hound (D:2)
  An adder (D:2)
  A worm (D:2)
  4 dart slugs (D:1)
  4 giant cockroaches
  3 goblins (D:1)
  6 hobgoblins
  2 jackals (D:1)
  5 kobolds (D:1)
  A quokka (D:2)
  A ball python (D:2)
  6 bats (D:1)
  A frilled lizard (D:1)
  3 rats (D:1)
39 creatures vanquished.

Notes
Turn   | Place    | Note
-------+----------+-------------------------------------------
     0 | D:1      | Borgoz the Ghoul Gladiator began the quest for the Orb.
     0 | D:1      | Reached XP level 1. HP: 17/17 MP: 0/0
     3 | D:1      | Found a shimmering altar of Xom.
   225 | D:1      | Reached XP level 2. HP: 24/24 MP: 1/1
   391 | D:1      | Reached skill level 1 in Armour
   625 | D:1      | Reached XP level 3. HP: 30/30 MP: 2/2
  1570 | D:2      | Reached XP level 4. HP: 25/37 MP: 3/3
  1736 | D:2      | Noticed Terence
  1763 | D:2      | Slain by Terence

Illustrated notes

Levels and vault maps discovered:
D:1:      scummos_arrival_checkerplants, layout_basic, serial_glass,
          glass_columns_c, glass_columns_b, feat_on_display, feat_on_display,
          xom_teletrap_fun
D:2:      layout_rooms, nicolae_gozag_seed_capital, lemuel_round_altar,
          skrybe_limestone_x, uniq_terence

Skill      XL: |  1  2 |
---------------+-------+-----
Armour         | 1 |  1.8
Dodging        | 3 |  3.3
Long Blades    | 3 |  3.3
Fighting       | |  2.8
Throwing       | |  1.7

Action                   |  1- 3 |  4- 6 || total
-------------------------+-------+-------++-------
Melee: Long sword        |    89 |    13 ||   102
Throw: Throwing net      |       |     2 ||     2
  Use: Potion            |       |     4 ||     4
Armor: Leather armour    |    32 |     8 ||    40
Dodge: Dodged            |    60 |    17 ||    77
       Rpst.: Long sword |    21 |     3 ||    24
